Stars vs Penguins
Created - April 28, 2019 at 19:13
Goals
|
| Stars |
2 |
1 |
1 |
4 |
| Penguins |
1 |
0 |
0 |
1 |
|
Shots
|
| Stars |
15 |
9 |
14 |
38 |
| Penguins |
8 |
5 |
7 |
20 |
|
1st period
1. Stars , Guillaume Latendresse 28 (Antoine Vermette 43) at 13:28 (PP)
2. Stars , Jussi Jokinen 35 (Brian Lee 31) at 14:00
3. Penguins , Cal Clutterbuck 15 (Keith Aulie 31, Logan Couture 16) at 14:44
Penalties :
Antoine Vermette (Dal) for Tripping (Minor) at 4:52, Keith Aulie (Pit) for Hooking (Minor) at 13:27, Mike Komisarek (Pit) for Hooking (Minor) at 16:04, Brian Lee (Dal) for Interference (Minor) at 18:35
2nd period
4. Stars , Evgeny Artyukhin 11 (Ian White 31, Dustin Penner 18) at 2:27
Penalties :
Steven Stamkos (Pit) for Holding (Minor) at 4:55, D.J King (Pit) for Interference (Minor) at 15:04, Boris Valabik (Dal) for Tripping (Minor) at 18:09
3rd period
5. Stars , Antoine Vermette 15 (Michael Grabner 28, Brian Elliott) at 7:42 (PP)
Penalties :
Steven Stamkos (Pit) for Interference (Minor) at 1:59, Ryan O'Reilly (Pit) for Holding (Minor) at 7:32, Andrew Cogliano (Pit) for Slashing (Minor) at 16:38, Keith Aulie (Pit) for Roughing (Minor) at 16:59
Goalie Stats
Brian Elliott (Dal), 19 saves from 20 shots - (0.950), W, 34-27-7, 60:00 minutes
Jacob Markstrom (Pit), 34 saves from 38 shots - (0.895), L, 26-31-7, 60:00 minutes
Players Stats for Stars
Player Name G A P +/- PIM S H SB GA TA FO MP PP MP PK MP
------------------------------------------------------------------------------------
Alex Chiasson 0 0 0 0 0 3 0 0 0 0 0/0 8:24 0:00 0:00
Antoine Vermette 1 1 2 0 2 5 1 0 0 0 12/32 21:01 5:56 1:03
B.J. Crombeen 0 0 0 0 0 1 2 0 0 0 0/0 15:49 4:31 0:00
Boris Valabik 0 0 0 1 2 2 2 2 1 3 0/0 22:20 4:31 1:27
Brian Flynn 0 0 0 1 0 1 0 0 0 0 2/2 10:15 0:00 0:21
Brian Lee 0 1 1 1 2 1 1 2 0 0 0/0 20:45 4:31 0:49
Cory Emmerton 0 0 0 0 0 1 1 1 0 0 4/14 15:49 4:31 0:00
Drew Fata 0 0 0 0 0 0 0 0 0 1 0/0 27:07 5:56 3:47
Dustin Penner 0 1 1 1 0 1 1 0 0 1 0/0 10:45 0:00 0:51
Evgeny Artyukhin 1 0 1 1 0 2 0 0 0 0 0/0 9:39 0:00 0:00
Evgeny Grachev 0 0 0 0 0 2 1 0 0 0 1/4 9:35 0:00 1:11
Guillaume Latendresse 1 0 1 0 0 6 4 2 1 1 0/5 22:58 5:56 3:22
Ian White 0 1 1 0 0 2 0 1 1 0 0/0 27:07 5:56 3:47
Johnny Oduya 0 0 0 0 0 1 0 1 0 1 0/0 10:44 0:00 0:43
Jussi Jokinen 1 0 1 0 0 6 3 1 0 0 2/2 19:23 4:31 3:22
Michael Grabner 0 1 1 0 0 1 1 1 1 0 1/2 19:24 5:56 0:00
Niklas Hjalmarsson 0 0 0 0 0 1 0 0 0 1 0/0 12:27 0:00 1:21
Patrick Sharp 0 0 0 0 0 2 1 0 0 0 0/0 10:28 0:00 1:44
Players Stats for Penguins
Player Name G A P +/- PIM S H SB GA TA FO MP PP MP PK MP
------------------------------------------------------------------------------------
Andrew Cogliano 0 0 0 0 2 3 1 3 0 0 1/1 21:51 3:27 4:22
Cal Clutterbuck 1 0 1 1 0 2 1 2 0 0 0/0 10:12 0:00 1:49
Christian Ehrhoff 0 0 0 0 0 0 0 0 0 0 0/0 15:13 0:40 2:44
D.J King 0 0 0 1 2 0 1 0 2 0 0/0 10:50 0:00 1:31
David Booth 0 0 0 -2 0 1 2 0 1 0 1/1 16:06 2:30 0:23
Dustin Brown 0 0 0 -2 0 4 2 1 1 0 1/1 15:29 2:30 0:00
Eric Gryba 0 0 0 0 0 0 2 0 0 1 0/0 19:47 2:27 4:29
Keith Aulie 0 1 1 -1 4 0 1 4 0 0 0/0 26:21 2:50 4:11
Logan Couture 0 1 1 1 0 0 1 0 1 0 4/6 10:53 0:25 2:05
Marcus Foligno 0 0 0 0 0 0 0 0 0 0 0/0 6:51 0:00 0:00
Martin St. Louis 0 0 0 0 0 0 1 0 0 0 0/0 6:51 0:00 0:00
Mike Komisarek 0 0 0 0 2 1 1 0 1 0 0/0 18:53 2:27 3:52
Paul Ranger 0 0 0 0 0 0 0 2 0 0 0/0 12:34 0:40 0:14
Riley Sheahan 0 0 0 0 0 1 0 0 0 0 2/5 12:00 0:27 3:32
Ryan O'Reilly 0 0 0 -2 2 3 1 0 0 0 10/14 17:20 2:39 1:41
Sean Zimmerman 0 0 0 -1 0 0 1 7 1 3 0/0 27:22 2:50 5:23
Steven Stamkos 0 0 0 0 4 5 0 2 1 0 19/32 21:36 2:26 3:53
T.J. Oshie 0 0 0 0 0 0 1 1 0 0 1/1 17:38 3:27 0:00
3 Stars
1 - Guillaume Latendresse (Dal)
2 - Jussi Jokinen (Dal)
3 - Evgeny Artyukhin (Dal)
Power Play
Stars - 2 on 8 Attempt(s) - 25.00%
Penguins - 0 on 3 Attempt(s) - 0.00%
Penalty Kill
Stars - 3 on 3 Attempt(s) - 100.00%
- Score 0 goal in Penalty Kill
Penguins - 6 on 8 Attempt(s) - 75.00%
- Score 0 goal in Penalty Kill
Team Stat
Stars - Hits : 18 - Faceoff Wins : 22 - Blocked Shots : 11 - Penalty Minutes : 6
Penguins - Hits : 16 - Faceoff Wins : 39 - Blocked Shots : 22 - Penalty Minutes : 16
Official
Referees : Unknown
Linesman : Unknown
Game Notes
7:10 of 2nd period - Stars goal is going for a video replay. After video review, No Goal. The puck has been kicked using a distinct kicking motion.
Finance
Level 1 -- Attendance: 5492 (91.53%) -- Ticket Income $450,344
Level 2 -- Attendance: 4941 (98.82%) -- Ticket Income $222,345
Level 3 -- Attendance: 1957 (97.85%) -- Ticket Income $64,581
Level 4 -- Attendance: 4000 (100.00%) -- Ticket Income $100,000
Luxury Box -- Attendance: 947 (94.70%) -- Ticket Income $151,520
Game was played at the Igloo.
Total Attendance: 17337 (96.32%)
Total Ticket Income: $988,790
Other Income: $148,318
Total Income: $1,137,108
Stars
5 vs 5 Forward
Center Left Wing Right Wing Time % Phy DF OF
1 Antoine Vermette Guillaume Latendresse Michael Grabner 40 1 2 2
2 Cory Emmerton Jussi Jokinen B.J. Crombeen 30 1 2 2
3 Evgeny Grachev Patrick Sharp Alex Chiasson 20 1 2 2
4 Brian Flynn Dustin Penner Evgeny Artyukhin 10 1 2 2
5 vs 5 Defense
Defense Defense Time % Phy DF OF
1 Drew Fata Ian White 40 1 2 2
2 Brian Lee Boris Valabik 30 1 2 2
3 Johnny Oduya Niklas Hjalmarsson 20 1 2 2
4 Drew Fata Ian White 10 1 2 2
PowerPlay Forward
Center Left Wing Right Wing Time % Phy DF OF
1 Antoine Vermette Guillaume Latendresse Michael Grabner 60 0 2 3
2 Cory Emmerton Jussi Jokinen B.J. Crombeen 40 0 2 3
PowerPlay Defense
Defense Defense Time % Phy DF OF
1 Drew Fata Ian White 60 0 2 3
2 Brian Lee Boris Valabik 40 0 2 3
Penalty Kill 4 Players Forward
Center Wing Time % Phy DF OF
1 Guillaume Latendresse Jussi Jokinen 60 0 2 3
2 Antoine Vermette Patrick Sharp 40 0 2 3
Penalty Kill 4 Players Defense
Defense Defense Time % Phy DF OF
1 Drew Fata Ian White 60 0 2 3
2 Brian Lee Boris Valabik 40 0 2 3
Penalty Kill - 3 Players Forward
Forward Time % Phy DF OF
1 Guillaume Latendresse 60 0 2 3
2 Jussi Jokinen 40 0 2 3
Penalty Kill - 3 Players Defense
Defense Defense Time % Phy DF OF
1 Drew Fata Ian White 60 0 2 3
2 Brian Lee Boris Valabik 40 0 2 3
4 vs 4 Forward
Center Wing Time % Phy DF OF
1 Guillaume Latendresse Jussi Jokinen 60 1 2 2
2 Antoine Vermette Patrick Sharp 40 1 2 2
4 vs 4 Defense
Defense Defense Time % Phy DF OF
1 Drew Fata Ian White 60 1 2 2
2 Brian Lee Boris Valabik 40 1 2 2
Last Minutes Offensive
Center Left Wing Right Wing Defense Defense
Antoine Vermette Guillaume Latendresse Michael Grabner Drew Fata Ian White
Last Minutes Defensive
Center Left Wing Right Wing Defense Defense
Antoine Vermette Guillaume Latendresse Michael Grabner Drew Fata Ian White
Goaltenders
Starting : Brian Elliott
Backup : Jhonas Enroth
Extra Forwards
Normal : Alex Chiasson, Evgeny Artyukhin, Evgeny Grachev - PP : Alex Chiasson, Evgeny Artyukhin - PK : Evgeny Grachev
Extra Defensemen
Normal : Johnny Oduya, Niklas Hjalmarsson, Brian Lee - PP : Johnny Oduya - PK : Niklas Hjalmarsson, Brian Lee
Penalty Shots
Guillaume Latendresse, Jussi Jokinen, Antoine Vermette, Patrick Sharp, Michael Grabner
Scratches
John Tavares (Suspend)
Penguins
5 vs 5 Forward
Center Left Wing Right Wing Time % Phy DF OF
1 Steven Stamkos Andrew Cogliano T.J. Oshie 40 1 1 3
2 Ryan O'Reilly David Booth Dustin Brown 30 1 1 3
3 Logan Couture D.J King Cal Clutterbuck 20 1 3 1
4 Riley Sheahan Marcus Foligno Martin St. Louis 10 1 1 3
5 vs 5 Defense
Defense Defense Time % Phy DF OF
1 Keith Aulie Sean Zimmerman 44 1 2 2
2 Eric Gryba Mike Komisarek 33 1 2 2
3 Paul Ranger Christian Ehrhoff 23 1 2 2
4 Keith Aulie Sean Zimmerman 0 1 2 2
PowerPlay Forward
Center Left Wing Right Wing Time % Phy DF OF
1 Steven Stamkos Andrew Cogliano T.J. Oshie 60 0 1 4
2 Ryan O'Reilly David Booth Dustin Brown 40 0 1 4
PowerPlay Defense
Defense Defense Time % Phy DF OF
1 Keith Aulie Sean Zimmerman 60 1 1 3
2 Eric Gryba Mike Komisarek 40 1 1 3
Penalty Kill 4 Players Forward
Center Wing Time % Phy DF OF
1 Steven Stamkos Andrew Cogliano 60 1 3 1
2 Logan Couture Cal Clutterbuck 40 1 3 1
Penalty Kill 4 Players Defense
Defense Defense Time % Phy DF OF
1 Keith Aulie Sean Zimmerman 60 1 4 0
2 Eric Gryba Mike Komisarek 40 1 4 0
Penalty Kill - 3 Players Forward
Forward Time % Phy DF OF
1 Steven Stamkos 60 1 3 1
2 Logan Couture 40 1 3 1
Penalty Kill - 3 Players Defense
Defense Defense Time % Phy DF OF
1 Keith Aulie Sean Zimmerman 60 1 4 0
2 Eric Gryba Mike Komisarek 40 1 4 0
4 vs 4 Forward
Center Wing Time % Phy DF OF
1 Steven Stamkos Andrew Cogliano 60 1 1 3
2 Ryan O'Reilly Dustin Brown 40 1 1 3
4 vs 4 Defense
Defense Defense Time % Phy DF OF
1 Keith Aulie Sean Zimmerman 60 1 2 2
2 Eric Gryba Mike Komisarek 40 1 2 2
Last Minutes Offensive
Center Left Wing Right Wing Defense Defense
Steven Stamkos Andrew Cogliano Martin St. Louis Keith Aulie Sean Zimmerman
Last Minutes Defensive
Center Left Wing Right Wing Defense Defense
Logan Couture Andrew Cogliano Cal Clutterbuck Keith Aulie Sean Zimmerman
Goaltenders
Starting : Jacob Markstrom
Backup : Sergei Bobrovsky
Extra Forwards
Normal : Steven Stamkos, Ryan O'Reilly, Riley Sheahan - PP : Steven Stamkos, Riley Sheahan - PK : Riley Sheahan
Extra Defensemen
Normal : Sean Zimmerman, Eric Gryba, Christian Ehrhoff - PP : Keith Aulie - PK : Sean Zimmerman, Eric Gryba
Penalty Shots
Steven Stamkos, David Booth, Andrew Cogliano, Riley Sheahan, Dustin Brown
Scratches
Patrick Marleau (Healthy), Riley Armstrong (Healthy), Josh Tordjman (Healthy)
% Time on Ice - Stars
Lines # - Real PCT - Wanted PCT - Time Play
Normal Forward
1 - 32% - 40% - 13:55
2 - 27% - 30% - 11:38
3 - 19% - 20% - 8:24
4 - 22% - 10% - 9:39
Normal Defense
1 - 39% - 40% - 17:04
2 - 36% - 30% - 15:45
3 - 23% - 20% - 10:01
4 - 2% - 10% - 0:46
PP Forward
1 - 57% - 60% - 5:56
2 - 43% - 40% - 4:31
PP Defense
1 - 57% - 60% - 5:56
2 - 43% - 40% - 4:31
PK Forward
1 - 71% - 60% - 4:13
2 - 29% - 40% - 1:44
PK Defense
1 - 64% - 60% - 3:49
2 - 36% - 40% - 2:08
PK3 Forward
1 - 0% - 60%
2 - 0% - 40%
PK3 Defense
1 - 0% - 60%
2 - 0% - 40%
44 Forward
1 - 0% - 60%
2 - 0% - 40%
44 Defense
1 - 0% - 60%
2 - 0% - 40%
Last Minute Offensive - 0:00
Last Minute Defensive - 0:00
Total
Forward - 60:00
Defense - 60:00
|
% Time on Ice - Penguins
Lines # - Real PCT - Wanted PCT - Time Play
Normal Forward
1 - 35% - 40% - 15:23
2 - 30% - 30% - 13:08
3 - 19% - 20% - 8:14
4 - 16% - 10% - 6:51
Normal Defense
1 - 44% - 44% - 19:21
2 - 29% - 33% - 12:35
3 - 27% - 23% - 11:40
4 - 0% - 0% - 0:00
PP Forward
1 - 58% - 60% - 3:27
2 - 42% - 40% - 2:30
PP Defense
1 - 59% - 60% - 3:30
2 - 41% - 40% - 2:27
PK Forward
1 - 79% - 60% - 7:00
2 - 21% - 40% - 1:49
PK Defense
1 - 59% - 60% - 5:10
2 - 41% - 40% - 3:39
PK3 Forward
1 - 84% - 60% - 1:22
2 - 16% - 40% - 0:16
PK3 Defense
1 - 84% - 60% - 1:22
2 - 16% - 40% - 0:16
44 Forward
1 - 0% - 60%
2 - 0% - 40%
44 Defense
1 - 0% - 60%
2 - 0% - 40%
Last Minute Offensive - 0:00
Last Minute Defensive - 0:00
Total
Forward - 60:00
Defense - 60:00
|
Play-by-Play
1st period
0:01 of 1st period - Antoine Vermette wins face-off versus Steven Stamkos in neutral zone.
1:05 of 1st period - Wrist shot by Antoine Vermette.
1:05 of 1st period - Shot Misses the Net.
1:07 of 1st period - Slapshot by Antoine Vermette.
1:07 of 1st period - Stopped by Jacob Markstrom with a rebound.
1:09 of 1st period - Wrist shot by Ian White.
1:09 of 1st period - Shot Blocked by Andrew Cogliano.
1:11 of 1st period - Slapshot by Drew Fata.
1:11 of 1st period - Shot Misses the Net.
1:13 of 1st period - Snap shot by Antoine Vermette.
1:13 of 1st period - Stopped by Jacob Markstrom with a rebound.
1:15 of 1st period - Wrist shot by Antoine Vermette.
1:15 of 1st period - Stopped by Jacob Markstrom with a rebound.
1:17 of 1st period - Wrist shot by Antoine Vermette.
1:17 of 1st period - Shot Misses the Net.
1:19 of 1st period - Snap shot by Guillaume Latendresse.
1:19 of 1st period - Deflect By Andrew Cogliano.
1:19 of 1st period - Shot Misses the Net.
1:19 of 1st period - Puck is out of play.
1:20 of 1st period - Ryan O'Reilly wins face-off versus Cory Emmerton in Penguins zone.
1:29 of 1st period - Wrist shot by Jussi Jokinen.
1:29 of 1st period - Deflect By Cory Emmerton.
1:29 of 1st period - Stopped by Jacob Markstrom with a rebound.
1:31 of 1st period - Slapshot by Jussi Jokinen.
1:31 of 1st period - Stopped by Jacob Markstrom without a rebound.
1:32 of 1st period - Logan Couture wins face-off versus Evgeny Grachev in Penguins zone.
1:43 of 1st period - Snap shot by Patrick Sharp.
1:43 of 1st period - Shot Blocked by Paul Ranger.
1:45 of 1st period - Snap shot by Alex Chiasson.
1:45 of 1st period - Stopped by Jacob Markstrom with a rebound.
1:47 of 1st period - Slapshot by Johnny Oduya.
1:47 of 1st period - Shot Blocked by Paul Ranger.
1:59 of 1st period - Wrist shot by Jussi Jokinen.
1:59 of 1st period - Shot Blocked by Dustin Brown.
2:07 of 1st period - Slapshot by Jussi Jokinen.
2:07 of 1st period - Shot Misses the Net.
2:22 of 1st period - Christian Ehrhoff is hit by Boris Valabik and loses puck.
2:27 of 1st period - Wrist shot by Evgeny Artyukhin.
2:27 of 1st period - Shot Misses the Net.
2:42 of 1st period - Logan Couture is hit by Evgeny Grachev and loses puck.
3:56 of 1st period - Slapshot by Jussi Jokinen.
3:56 of 1st period - Stopped by Jacob Markstrom with a rebound.
3:58 of 1st period - Slapshot by Niklas Hjalmarsson.
3:58 of 1st period - Stopped by Jacob Markstrom without a rebound.
3:59 of 1st period - Logan Couture wins face-off versus Cory Emmerton in Penguins zone.
4:03 of 1st period - Keith Aulie is hit by B.J. Crombeen and loses puck.
4:28 of 1st period - Off-side.
4:29 of 1st period - Antoine Vermette wins face-off versus Steven Stamkos in neutral zone.
4:52 of 1st period - Minor Penalty to Antoine Vermette for Tripping.
4:53 of 1st period - Jussi Jokinen wins face-off versus Steven Stamkos in Stars zone.
5:29 of 1st period - Wrist shot by Ryan O'Reilly.
5:29 of 1st period - Shot Misses the Net.
5:31 of 1st period - Slapshot by Sean Zimmerman.
5:31 of 1st period - Shot Misses the Net.
6:45 of 1st period - Sean Zimmerman is hit by Dustin Penner and loses puck.
6:52 of 1st period - Penalty to Antoine Vermette is over, Antoine Vermette is back on ice.
6:52 of 1st period - Wrist shot by Dustin Penner.
6:52 of 1st period - Shot Misses the Net.
6:54 of 1st period - Backhand shot by Antoine Vermette.
6:54 of 1st period - Shot Blocked by Andrew Cogliano.
7:14 of 1st period - Slapshot by Cory Emmerton.
7:14 of 1st period - Shot Blocked by Cal Clutterbuck.
7:26 of 1st period - Johnny Oduya is hit by Martin St. Louis and loses puck.
7:53 of 1st period - Snap shot by Cory Emmerton.
7:53 of 1st period - Shot Misses the Net.
8:15 of 1st period - Icing by Niklas Hjalmarsson.
8:16 of 1st period - Brian Flynn wins face-off versus Logan Couture in Stars zone.
9:08 of 1st period - Icing by Ryan O'Reilly.
9:09 of 1st period - Steven Stamkos wins face-off versus Evgeny Grachev in Penguins zone.
9:46 of 1st period - Wrist shot by David Booth.
9:46 of 1st period - Shot Blocked by Guillaume Latendresse.
10:15 of 1st period - Slapshot by Ian White.
10:15 of 1st period - Deflect By Dustin Penner.
10:15 of 1st period - Stopped by Jacob Markstrom with a rebound.
11:51 of 1st period - Slapshot by Riley Sheahan.
11:51 of 1st period - Shot Blocked by Brian Lee.
12:12 of 1st period - Wrist shot by Steven Stamkos.
12:12 of 1st period - Stopped by Brian Elliott without a rebound.
12:13 of 1st period - Antoine Vermette wins face-off versus Ryan O'Reilly in Stars zone.
12:28 of 1st period - Wrist shot by Dustin Brown.
12:28 of 1st period - Shot Misses the Net.
12:30 of 1st period - Backhand shot by Ryan O'Reilly.
12:30 of 1st period - Shot Blocked by Michael Grabner.
12:53 of 1st period - Snap shot by Cory Emmerton.
12:53 of 1st period - Shot Misses the Net.
13:10 of 1st period - Snap shot by Cal Clutterbuck.
13:10 of 1st period - Stopped by Brian Elliott without a rebound.
13:11 of 1st period - Ryan O'Reilly wins face-off versus Guillaume Latendresse in Stars zone.
13:12 of 1st period - Snap shot by David Booth.
13:12 of 1st period - Shot Misses the Net.
13:24 of 1st period - Wrist shot by Antoine Vermette.
13:24 of 1st period - Deflect By Michael Grabner.
13:24 of 1st period - Shot Misses the Net.
13:24 of 1st period - Puck is out of play.
13:25 of 1st period - Steven Stamkos wins face-off versus Antoine Vermette in Penguins zone.
13:27 of 1st period - Minor Penalty to Keith Aulie for Hooking.
13:28 of 1st period - Antoine Vermette wins face-off versus Steven Stamkos in Penguins zone.
13:28 of 1st period - Backhand shot by Guillaume Latendresse.
13:28 of 1st period - Goal by Guillaume Latendresse - Stars : 1 - Penguins : 0.
13:29 of 1st period - Andrew Cogliano wins face-off versus Antoine Vermette in neutral zone.
13:32 of 1st period - Snap shot by Steven Stamkos.
13:32 of 1st period - Stopped by Brian Elliott with a rebound.
13:44 of 1st period - Snap shot by Antoine Vermette.
13:44 of 1st period - Shot Misses the Net.
13:54 of 1st period - Jussi Jokinen is hit by David Booth.
13:58 of 1st period - Slapshot by Brian Lee.
13:58 of 1st period - Shot Blocked by Sean Zimmerman.
14:00 of 1st period - Snap shot by Jussi Jokinen.
14:00 of 1st period - Goal by Jussi Jokinen - Stars : 2 - Penguins : 0.
14:01 of 1st period - Steven Stamkos wins face-off versus Antoine Vermette in neutral zone.
14:12 of 1st period - Wrist shot by Steven Stamkos.
14:12 of 1st period - Stopped by Brian Elliott without a rebound.
14:13 of 1st period - Steven Stamkos wins face-off versus Cory Emmerton in Stars zone.
14:22 of 1st period - Wrist shot by Steven Stamkos.
14:22 of 1st period - Shot Blocked by Jussi Jokinen.
14:30 of 1st period - Wrist shot by Andrew Cogliano.
14:30 of 1st period - Stopped by Brian Elliott with a rebound.
14:42 of 1st period - Backhand shot by Logan Couture.
14:42 of 1st period - Shot Blocked by Cory Emmerton.
14:44 of 1st period - Slapshot by Keith Aulie.
14:44 of 1st period - Deflect By Cal Clutterbuck.
14:44 of 1st period - Goal by Cal Clutterbuck - Stars : 2 - Penguins : 1.
14:45 of 1st period - Antoine Vermette wins face-off versus Steven Stamkos in neutral zone.
14:47 of 1st period - Off-side.
14:48 of 1st period - Steven Stamkos wins face-off versus Antoine Vermette in neutral zone.
15:15 of 1st period - Slapshot by Jussi Jokinen.
15:15 of 1st period - Shot Misses the Net.
15:17 of 1st period - Backhand shot by Brian Lee.
15:17 of 1st period - Shot Blocked by Keith Aulie.
15:19 of 1st period - Backhand shot by Boris Valabik.
15:19 of 1st period - Deflect By Ryan O'Reilly.
15:19 of 1st period - Stopped by Jacob Markstrom without a rebound.
15:20 of 1st period - Ryan O'Reilly wins face-off versus Antoine Vermette in Penguins zone.
15:25 of 1st period - Snap shot by Dustin Brown.
15:25 of 1st period - Stopped by Brian Elliott without a rebound.
15:26 of 1st period - Ryan O'Reilly wins face-off versus Antoine Vermette in Stars zone.
15:27 of 1st period - Wrist shot by Dustin Brown.
15:27 of 1st period - Shot Blocked by Ian White.
16:04 of 1st period - Minor Penalty to Mike Komisarek for Hooking.
16:05 of 1st period - Steven Stamkos wins face-off versus Antoine Vermette in Penguins zone.
16:14 of 1st period - Slapshot by Antoine Vermette.
16:14 of 1st period - Shot Misses the Net.
16:16 of 1st period - Slapshot by Drew Fata.
16:16 of 1st period - Shot Blocked by Keith Aulie.
16:18 of 1st period - Wrist shot by Michael Grabner.
16:18 of 1st period - Shot Blocked by Keith Aulie.
16:20 of 1st period - Slapshot by Drew Fata.
16:20 of 1st period - Shot Misses the Net.
17:04 of 1st period - Off-side.
17:05 of 1st period - Cory Emmerton wins face-off versus Logan Couture in neutral zone.
17:10 of 1st period - Snap shot by Boris Valabik.
17:10 of 1st period - Shot Blocked by Cal Clutterbuck.
17:12 of 1st period - Snap shot by Cory Emmerton.
17:12 of 1st period - Shot Blocked by Sean Zimmerman.
18:04 of 1st period - Penalty to Mike Komisarek is over, Mike Komisarek is back on ice.
18:12 of 1st period - Wrist shot by Alex Chiasson.
18:12 of 1st period - Deflect By Mike Komisarek.
18:12 of 1st period - Stopped by Jacob Markstrom without a rebound.
18:13 of 1st period - Ryan O'Reilly wins face-off versus Evgeny Grachev in Penguins zone.
18:18 of 1st period - Wrist shot by Dustin Brown.
18:18 of 1st period - Shot Misses the Net.
18:24 of 1st period - Wrist shot by Patrick Sharp.
18:24 of 1st period - Stopped by Jacob Markstrom with a rebound.
18:28 of 1st period - Slapshot by Evgeny Grachev.
18:28 of 1st period - Stopped by Jacob Markstrom without a rebound.
18:29 of 1st period - Steven Stamkos wins face-off versus Antoine Vermette in Penguins zone.
18:35 of 1st period - Minor Penalty to Brian Lee for Interference.
18:36 of 1st period - Jussi Jokinen wins face-off versus Steven Stamkos in Stars zone.
18:36 of 1st period - Jussi Jokinen is hit by T.J. Oshie.
18:49 of 1st period - T.J. Oshie is hit by Jussi Jokinen and loses puck.
19:19 of 1st period - Off-side.
19:20 of 1st period - David Booth wins face-off versus Guillaume Latendresse in neutral zone.
19:25 of 1st period - Slapshot by Mike Komisarek.
19:25 of 1st period - Stopped by Brian Elliott with a rebound.
19:49 of 1st period - Slapshot by Steven Stamkos.
19:49 of 1st period - Shot Misses the Net.
Goals for this period are 2 for Stars vs 1 for Penguins.
Shots for this period are 15 for Stars vs 8 for Penguins.
2nd period
0:01 of 2nd period - Steven Stamkos wins face-off versus Guillaume Latendresse in neutral zone.
0:12 of 2nd period - Snap shot by Steven Stamkos.
0:12 of 2nd period - Shot Misses the Net.
0:31 of 2nd period - Off-side.
0:32 of 2nd period - Antoine Vermette wins face-off versus Ryan O'Reilly in neutral zone.
0:35 of 2nd period - Penalty to Brian Lee is over, Brian Lee is back on ice.
0:35 of 2nd period - David Booth is hit by Boris Valabik and loses puck.
2:25 of 2nd period - Backhand shot by Ian White.
2:25 of 2nd period - Deflect By Ryan O'Reilly.
2:25 of 2nd period - Stopped by Jacob Markstrom with a rebound.
2:27 of 2nd period - Slapshot by Ian White.
2:27 of 2nd period - Deflect By Evgeny Artyukhin.
2:27 of 2nd period - Goal by Evgeny Artyukhin - Stars : 3 - Penguins : 1.
2:28 of 2nd period - Antoine Vermette wins face-off versus Steven Stamkos in neutral zone.
2:31 of 2nd period - Christian Ehrhoff is hit by Antoine Vermette.
2:37 of 2nd period - Paul Ranger is hit by Guillaume Latendresse and loses puck.
2:56 of 2nd period - Wrist shot by Jussi Jokinen.
2:56 of 2nd period - Stopped by Jacob Markstrom with a rebound.
3:04 of 2nd period - Wrist shot by Cory Emmerton.
3:04 of 2nd period - Shot Misses the Net.
3:56 of 2nd period - Andrew Cogliano is hit by Jussi Jokinen and loses puck.
4:09 of 2nd period - Wrist shot by Dustin Penner.
4:09 of 2nd period - Shot Blocked by Steven Stamkos.
4:11 of 2nd period - Slapshot by Drew Fata.
4:11 of 2nd period - Shot Misses the Net.
4:13 of 2nd period - Snap shot by Dustin Penner.
4:13 of 2nd period - Shot Misses the Net.
4:15 of 2nd period - Slapshot by Ian White.
4:15 of 2nd period - Shot Blocked by Steven Stamkos.
4:36 of 2nd period - Icing by Guillaume Latendresse.
4:37 of 2nd period - Ryan O'Reilly wins face-off versus Michael Grabner in Stars zone.
4:42 of 2nd period - Snap shot by Ryan O'Reilly.
4:42 of 2nd period - Stopped by Brian Elliott with a rebound.
4:44 of 2nd period - Snap shot by David Booth.
4:44 of 2nd period - Stopped by Brian Elliott with a rebound.
4:46 of 2nd period - Slapshot by Dustin Brown.
4:46 of 2nd period - Stopped by Brian Elliott with a rebound.
4:48 of 2nd period - Wrist shot by Dustin Brown.
4:48 of 2nd period - Stopped by Brian Elliott without a rebound.
4:49 of 2nd period - T.J. Oshie wins face-off versus Cory Emmerton in Stars zone.
4:55 of 2nd period - Minor Penalty to Steven Stamkos for Holding.
4:56 of 2nd period - Antoine Vermette wins face-off versus Riley Sheahan in Penguins zone.
4:59 of 2nd period - Wrist shot by Guillaume Latendresse.
4:59 of 2nd period - Stopped by Jacob Markstrom with a rebound.
5:01 of 2nd period - Snap shot by Michael Grabner.
5:01 of 2nd period - Shot Blocked by Keith Aulie.
5:03 of 2nd period - Slapshot by Antoine Vermette.
5:03 of 2nd period - Shot Blocked by Sean Zimmerman.
6:19 of 2nd period - Antoine Vermette is hit by D.J King and loses puck.
6:55 of 2nd period - Penalty to Steven Stamkos is over, Steven Stamkos is back on ice.
7:08 of 2nd period - Snap shot by Evgeny Grachev.
7:08 of 2nd period - Stopped by Jacob Markstrom with a rebound.
7:10 of 2nd period - Snap shot by Alex Chiasson.
7:10 of 2nd period - Stars goal is going for a video replay.
7:10 of 2nd period - The goal is refused. The puck has been kicked using a distinct kicking motion..
7:11 of 2nd period - Evgeny Grachev wins face-off versus Steven Stamkos in Penguins zone.
7:22 of 2nd period - Slapshot by Alex Chiasson.
7:22 of 2nd period - Shot Misses the Net.
7:24 of 2nd period - Snap shot by Patrick Sharp.
7:24 of 2nd period - Stopped by Jacob Markstrom with a rebound.
8:52 of 2nd period - Michael Grabner is hit by Mike Komisarek and loses puck.
9:07 of 2nd period - Wrist shot by Riley Sheahan.
9:07 of 2nd period - Shot Misses the Net.
9:09 of 2nd period - Snap shot by Riley Sheahan.
9:09 of 2nd period - Stopped by Brian Elliott without a rebound.
9:10 of 2nd period - Brian Flynn wins face-off versus Riley Sheahan in Stars zone.
10:57 of 2nd period - Off-side.
10:58 of 2nd period - Michael Grabner wins face-off versus Steven Stamkos in neutral zone.
11:46 of 2nd period - David Booth is hit by B.J. Crombeen and loses puck.
11:55 of 2nd period - Snap shot by B.J. Crombeen.
11:55 of 2nd period - Stopped by Jacob Markstrom without a rebound.
11:56 of 2nd period - Steven Stamkos wins face-off versus Antoine Vermette in Penguins zone.
12:05 of 2nd period - Snap shot by Michael Grabner.
12:05 of 2nd period - Shot Misses the Net.
12:07 of 2nd period - Wrist shot by Antoine Vermette.
12:07 of 2nd period - Shot Misses the Net.
12:09 of 2nd period - Wrist shot by Antoine Vermette.
12:09 of 2nd period - Shot Misses the Net.
12:11 of 2nd period - Snap shot by Michael Grabner.
12:11 of 2nd period - Stopped by Jacob Markstrom with a rebound.
12:21 of 2nd period - Evgeny Grachev is hit by Logan Couture and loses puck.
13:17 of 2nd period - Sean Zimmerman is hit by Guillaume Latendresse and loses puck.
13:29 of 2nd period - Off-side.
13:30 of 2nd period - Logan Couture wins face-off versus Cory Emmerton in neutral zone.
14:14 of 2nd period - T.J. Oshie is hit by Guillaume Latendresse.
14:20 of 2nd period - Steven Stamkos is hit by Michael Grabner and loses puck.
15:04 of 2nd period - Minor Penalty to D.J King for Interference.
15:05 of 2nd period - Steven Stamkos wins face-off versus Antoine Vermette in Penguins zone.
16:14 of 2nd period - Drew Fata is hit by Cal Clutterbuck and loses puck.
17:04 of 2nd period - Penalty to D.J King is over, D.J King is back on ice.
18:07 of 2nd period - Snap shot by D.J King.
18:07 of 2nd period - Shot Misses the Net.
18:09 of 2nd period - Minor Penalty to Boris Valabik for Tripping.
18:10 of 2nd period - Dustin Brown wins face-off versus Guillaume Latendresse in Stars zone.
18:11 of 2nd period - Snap shot by Ryan O'Reilly.
18:11 of 2nd period - Shot Blocked by Guillaume Latendresse.
18:49 of 2nd period - Andrew Cogliano is hit by Patrick Sharp and loses puck.
Goals for this period are 1 for Stars vs 0 for Penguins.
Shots for this period are 9 for Stars vs 5 for Penguins.
3rd period
0:01 of 3rd period - Steven Stamkos wins face-off versus Guillaume Latendresse in neutral zone.
0:09 of 3rd period - Penalty to Boris Valabik is over, Boris Valabik is back on ice.
0:52 of 3rd period - Snap shot by Guillaume Latendresse.
0:52 of 3rd period - Stopped by Jacob Markstrom with a rebound.
0:59 of 3rd period - Icing by D.J King.
1:00 of 3rd period - Logan Couture wins face-off versus Cory Emmerton in Penguins zone.
1:11 of 3rd period - Wrist shot by Steven Stamkos.
1:11 of 3rd period - Shot Misses the Net.
1:13 of 3rd period - Slapshot by T.J. Oshie.
1:13 of 3rd period - Shot Misses the Net.
1:15 of 3rd period - Slapshot by Andrew Cogliano.
1:15 of 3rd period - Stopped by Brian Elliott with a rebound.
1:17 of 3rd period - Snap shot by Andrew Cogliano.
1:17 of 3rd period - Deflect By Steven Stamkos.
1:17 of 3rd period - Shot Blocked by Boris Valabik.
1:17 of 3rd period - Puck is out of play.
1:18 of 3rd period - Ryan O'Reilly wins face-off versus Antoine Vermette in Stars zone.
1:30 of 3rd period - Icing by Boris Valabik.
1:31 of 3rd period - Steven Stamkos wins face-off versus Antoine Vermette in Stars zone.
1:34 of 3rd period - Slapshot by Steven Stamkos.
1:34 of 3rd period - Stopped by Brian Elliott with a rebound.
1:59 of 3rd period - Minor Penalty to Steven Stamkos for Interference.
2:00 of 3rd period - Riley Sheahan wins face-off versus Antoine Vermette in Penguins zone.
3:42 of 3rd period - Guillaume Latendresse is hit by Eric Gryba and loses puck.
3:59 of 3rd period - Penalty to Steven Stamkos is over, Steven Stamkos is back on ice.
4:21 of 3rd period - Christian Ehrhoff is hit by Brian Lee and loses puck.
4:26 of 3rd period - Snap shot by Brian Lee.
4:26 of 3rd period - Shot Blocked by Andrew Cogliano.
5:40 of 3rd period - Slapshot by Steven Stamkos.
5:40 of 3rd period - Stopped by Brian Elliott with a rebound.
5:57 of 3rd period - Wrist shot by Riley Sheahan.
5:57 of 3rd period - Shot Misses the Net.
6:11 of 3rd period - Jussi Jokinen is hit by Keith Aulie and loses puck.
6:54 of 3rd period - Snap shot by Andrew Cogliano.
6:54 of 3rd period - Shot Misses the Net.
7:32 of 3rd period - Minor Penalty to Ryan O'Reilly for Holding.
7:33 of 3rd period - Steven Stamkos wins face-off versus Antoine Vermette in Penguins zone.
7:42 of 3rd period - Snap shot by Antoine Vermette.
7:42 of 3rd period - Goal by Antoine Vermette - Stars : 4 - Penguins : 1.
7:43 of 3rd period - Antoine Vermette wins face-off versus Steven Stamkos in neutral zone.
8:02 of 3rd period - Michael Grabner is hit by Andrew Cogliano and loses puck.
8:27 of 3rd period - Slapshot by Michael Grabner.
8:27 of 3rd period - Shot Blocked by T.J. Oshie.
8:31 of 3rd period - Wrist shot by Guillaume Latendresse.
8:31 of 3rd period - Shot Blocked by Sean Zimmerman.
8:33 of 3rd period - Snap shot by Ian White.
8:33 of 3rd period - Shot Blocked by Sean Zimmerman.
8:35 of 3rd period - Snap shot by Antoine Vermette.
8:35 of 3rd period - Stopped by Jacob Markstrom without a rebound.
8:36 of 3rd period - Ryan O'Reilly wins face-off versus Cory Emmerton in Penguins zone.
8:36 of 3rd period - Ryan O'Reilly is hit by Cory Emmerton.
8:48 of 3rd period - Wrist shot by Eric Gryba.
8:48 of 3rd period - Shot Misses the Net.
8:50 of 3rd period - Slapshot by Mike Komisarek.
8:50 of 3rd period - Shot Blocked by Brian Lee.
8:52 of 3rd period - Slapshot by Dustin Brown.
8:52 of 3rd period - Shot Misses the Net.
9:11 of 3rd period - Slapshot by Paul Ranger.
9:11 of 3rd period - Shot Blocked by Boris Valabik.
9:48 of 3rd period - Off-side.
9:49 of 3rd period - Cory Emmerton wins face-off versus Ryan O'Reilly in neutral zone.
9:58 of 3rd period - Slapshot by Jussi Jokinen.
9:58 of 3rd period - Stopped by Jacob Markstrom without a rebound.
9:59 of 3rd period - Steven Stamkos wins face-off versus Antoine Vermette in Penguins zone.
11:04 of 3rd period - Icing by Sean Zimmerman.
11:05 of 3rd period - Antoine Vermette wins face-off versus Riley Sheahan in Penguins zone.
11:12 of 3rd period - Snap shot by Michael Grabner.
11:12 of 3rd period - Shot Misses the Net.
11:32 of 3rd period - Antoine Vermette is hit by David Booth and loses puck.
12:00 of 3rd period - Off-side.
12:01 of 3rd period - Steven Stamkos wins face-off versus Cory Emmerton in neutral zone.
12:14 of 3rd period - Snap shot by Andrew Cogliano.
12:14 of 3rd period - Stopped by Brian Elliott without a rebound.
12:15 of 3rd period - Cory Emmerton wins face-off versus Steven Stamkos in Stars zone.
12:15 of 3rd period - Cory Emmerton is hit by Eric Gryba.
12:40 of 3rd period - Drew Fata is hit by Ryan O'Reilly and loses puck.
12:49 of 3rd period - Wrist shot by Ryan O'Reilly.
12:49 of 3rd period - Shot Misses the Net.
12:51 of 3rd period - Wrist shot by Ryan O'Reilly.
12:51 of 3rd period - Shot Misses the Net.
13:24 of 3rd period - Snap shot by Guillaume Latendresse.
13:24 of 3rd period - Shot Misses the Net.
13:59 of 3rd period - Icing by Drew Fata.
14:00 of 3rd period - Ryan O'Reilly wins face-off versus Cory Emmerton in Stars zone.
14:01 of 3rd period - Wrist shot by Dustin Brown.
14:01 of 3rd period - Stopped by Brian Elliott with a rebound.
14:03 of 3rd period - Wrist shot by Ryan O'Reilly.
14:03 of 3rd period - Stopped by Brian Elliott with a rebound.
14:05 of 3rd period - Slapshot by David Booth.
14:05 of 3rd period - Shot Misses the Net.
14:15 of 3rd period - Wrist shot by Ryan O'Reilly.
14:15 of 3rd period - Stopped by Brian Elliott without a rebound.
14:16 of 3rd period - Steven Stamkos wins face-off versus Antoine Vermette in Stars zone.
14:19 of 3rd period - Snap shot by T.J. Oshie.
14:19 of 3rd period - Shot Blocked by Johnny Oduya.
15:10 of 3rd period - Snap shot by Evgeny Artyukhin.
15:10 of 3rd period - Shot Misses the Net.
15:12 of 3rd period - Slapshot by Johnny Oduya.
15:12 of 3rd period - Stopped by Jacob Markstrom with a rebound.
15:14 of 3rd period - Wrist shot by Brian Flynn.
15:14 of 3rd period - Shot Misses the Net.
15:16 of 3rd period - Snap shot by Evgeny Artyukhin.
15:16 of 3rd period - Stopped by Jacob Markstrom with a rebound.
15:18 of 3rd period - Wrist shot by Dustin Penner.
15:18 of 3rd period - Deflect By Brian Flynn.
15:18 of 3rd period - Stopped by Jacob Markstrom without a rebound.
15:19 of 3rd period - Steven Stamkos wins face-off versus Antoine Vermette in Penguins zone.
15:19 of 3rd period - Steven Stamkos is hit by Guillaume Latendresse.
15:33 of 3rd period - Wrist shot by Guillaume Latendresse.
15:33 of 3rd period - Stopped by Jacob Markstrom without a rebound.
15:34 of 3rd period - Cory Emmerton wins face-off versus Ryan O'Reilly in Penguins zone.
15:41 of 3rd period - Slapshot by Brian Lee.
15:41 of 3rd period - Stopped by Jacob Markstrom without a rebound.
15:42 of 3rd period - Ryan O'Reilly wins face-off versus Cory Emmerton in Penguins zone.
15:42 of 3rd period - Ryan O'Reilly is hit by Jussi Jokinen.
15:52 of 3rd period - Wrist shot by Ryan O'Reilly.
15:52 of 3rd period - Shot Misses the Net.
15:58 of 3rd period - B.J. Crombeen is hit by Dustin Brown and loses puck.
16:05 of 3rd period - Snap shot by B.J. Crombeen.
16:05 of 3rd period - Shot Blocked by Sean Zimmerman.
16:07 of 3rd period - Snap shot by Cory Emmerton.
16:07 of 3rd period - Shot Misses the Net.
16:09 of 3rd period - Slapshot by Brian Lee.
16:09 of 3rd period - Shot Blocked by Sean Zimmerman.
16:11 of 3rd period - Wrist shot by Jussi Jokinen.
16:11 of 3rd period - Shot Misses the Net.
16:13 of 3rd period - Wrist shot by Jussi Jokinen.
16:13 of 3rd period - Stopped by Jacob Markstrom with a rebound.
16:15 of 3rd period - Slapshot by Boris Valabik.
16:15 of 3rd period - Stopped by Jacob Markstrom without a rebound.
16:16 of 3rd period - Steven Stamkos wins face-off versus Antoine Vermette in Penguins zone.
16:38 of 3rd period - Minor Penalty to Andrew Cogliano for Slashing.
16:39 of 3rd period - Steven Stamkos wins face-off versus Antoine Vermette in Penguins zone.
16:48 of 3rd period - Snap shot by Guillaume Latendresse.
16:48 of 3rd period - Shot Misses the Net.
16:50 of 3rd period - Slapshot by Guillaume Latendresse.
16:50 of 3rd period - Stopped by Jacob Markstrom with a rebound.
16:52 of 3rd period - Slapshot by Antoine Vermette.
16:52 of 3rd period - Shot Misses the Net.
16:54 of 3rd period - Slapshot by Ian White.
16:54 of 3rd period - Stopped by Jacob Markstrom without a rebound.
16:55 of 3rd period - Antoine Vermette wins face-off versus Steven Stamkos in Penguins zone.
16:56 of 3rd period - Snap shot by Guillaume Latendresse.
16:56 of 3rd period - Stopped by Jacob Markstrom without a rebound.
16:57 of 3rd period - Riley Sheahan wins face-off versus Antoine Vermette in Penguins zone.
16:59 of 3rd period - Minor Penalty to Keith Aulie for Roughing.
17:00 of 3rd period - Antoine Vermette wins face-off versus Steven Stamkos in Penguins zone.
17:57 of 3rd period - Antoine Vermette is hit by Sean Zimmerman and loses puck.
18:38 of 3rd period - Penalty to Andrew Cogliano is over, Andrew Cogliano is back on ice.
18:59 of 3rd period - Penalty to Keith Aulie is over, Keith Aulie is back on ice.
19:14 of 3rd period - Evgeny Grachev is hit by Dustin Brown.
Goals for this period are 1 for Stars vs 0 for Penguins.
Shots for this period are 14 for Stars vs 7 for Penguins.
Back to the Top